 Seeded DCSS version 0.29.1-15-g9cfb28693d (webtiles) character file.

Game seed: 5438900976079336338 (custom seed)

15775 Psyclone the Thaumaturge (level 12, -4/77 HPs)
             Began as a Deep Elf Conjurer on Sept 25, 2023.
             Was an Initiate of Ashenzari.
             Slain by a minotaur (9 damage)
             ... in a Gauntlet.
             The game lasted 00:56:06 (12886 turns).

Psyclone the Thaumaturge (Deep Elf Conjurer)       Turns: 12886, Time: 00:56:06

Health: -4/77      AC: 12    Str:  4    XL:     12   Next: 4%
Magic:  6/31       EV: 16    Int: 31    God:    Ashenzari [......]
Gold:   641        SH:  0    Dex: 13    Spells: 13/37 levels left

rFire   + + .      SeeInvis .   a - staff of conjuration
rCold   . . .      Faith    .   (no shield)
rNeg    . . .      Spirit   .   f - +0 steam dragon scales
rPois   +          Reflect  .   w - +0 helmet
rElec   .          Harm     .   W - +3 cloak of Zudd {rF++ Will+}
rCorr   .          Rampage  .   A - +1 pair of gloves
Will    ++...      Archmagi +   (no boots)
Stlth   +++....... NoTele   +   N - amulet of the acrobat
HPRegen 0.22/turn               I - ring of the Mage {Wiz Archmagi, Self, Alch} (curse)
MPRegen 0.22/turn               F - ring "Fattogh" {Wiz rPois Int+2 Stlth+}

@: no status effects
A: no striking features
a: Renounce Religion, Curse Item, Shatter the Chains


You were in a Gauntlet.
You worshipped Ashenzari.
Ashenzari was noncommittal.
You visited 2 branches of the dungeon, and saw 12 of its levels.
You also visited: Gauntlet.

You collected 641 gold pieces.

Inventory:

Hand Weapons
 b - a +3 dagger of electrocution
Missiles
 k - 5 curare-tipped darts
Armour
 f - +0 steam dragon scales (worn)
 w - a +0 helmet (worn)
 x - a +0 buckler
 A - a +1 pair of gloves (worn)
 W - the +3 cloak of Zudd (worn) {rF++ Will+}
   (You found it in a Gauntlet)

   rF:        It greatly protects you from fire.
   Will:      It increases your willpower.
Magical Staves
 a - a staff of conjuration (weapon)
 U - a staff of fire
Jewellery
 d - a +4 ring of protection
 n - a ring of see invisible
 v - a +4 ring of evasion
 E - an amulet of regeneration
 F - the ring "Fattogh" (right hand) {Wiz rPois Int+2 Stlth+}
   (You acquired it in a Gauntlet)

   [ring of wizardry]

   It improves your spell success rate.
   Int:       It affects your intelligence (+2).
   rPois:     It protects you from poison.
   Stlth:     It makes you more stealthy.
 I - the cursed ring of the Mage (left hand) {Wiz Archmagi, Self, Alch}
   (You took it off a hobgoblin on level 4 of the Dungeon)

   [ring of wizardry]

   It improves your spell success rate.
   Archmagi:  It increases the power of your magical spells.
   It has a curse which improves the following skills: Introspection: Fighting
   and Spellcasting.
   Alchemy:   Poison Magic and Transmutations.
 L - a ring of resist corrosion
 M - an amulet of reflection
 N - an amulet of the acrobat (around neck)
 O - a ring of flight
 P - a ring of protection from cold
 T - a ring of ice
Wands
 B - a wand of mindburst (25)
 R - a wand of charming (19)
Scrolls
 c - 6 scrolls of teleportation
 e - a scroll of enchant armour
 i - a scroll of immolation
 j - a scroll of amnesia
 l - 2 scrolls of noise
 o - a scroll of poison
 p - a scroll of magic mapping
 y - 2 scrolls of vulnerability
 H - 4 scrolls of enchant weapon
 K - a scroll of identify {@r1}
 S - a scroll of fear {unknown}
Potions
 g - 2 potions of magic
 h - a potion of berserk rage {unknown}
 m - 4 potions of flight {unknown}
 q - 7 potions of heal wounds
 r - 5 potions of curing {unknown}
 s - a potion of attraction {unknown}
 t - 2 potions of haste {unknown}
 z - a potion of might {unknown}
 C - 3 potions of mutation {unknown}
 D - 3 potions of degeneration {unknown}
 G - a potion of resistance {unknown}
 J - a potion of lignification {unknown}
 Q - a potion of invisibility {unknown}
 V - a potion of brilliance {unknown}


   Skills:
 - Level 9.5(10.0) Fighting
 - Level 10.0 Dodging
 - Level 2.4 Stealth
 - Level 12.9(13.3) Spellcasting
 + Level 12.1 Conjurations


You had 13 spell levels left.
You knew the following spells:

 Your Spells              Type           Power      Damage    Failure   Level
a - Magic Dart            Conj           100%       1d8       0%          1
b - Searing Ray           Conj           100%       2d8       1%          2
c - Dazzling Flash        Conj/Hex       100%       N/A       1%          3
d - Fulminant Prism       Conj/Hex       46%        3d21      1%          4
e - Scorch                Fire           60%        2d8       1%          2
f - Sticky Flame          Conj/Fire      92%        2d10      1%          4
g - Flame Wave            Conj/Fire      92%        2d19      1%          4
h - Hailstorm             Conj/Ice       92%        3d18      1%          4

Your spell library contained the following spells:

 Spells                   Type           Power      Damage    Failure   Level
 Call Canine Familiar     Summ           30%        N/A       1%          3
 Conjure Flame            Conj/Fire      92%        6-21      1%          3
 Ignite Poison            Fire/Tmut/Pois 31%        N/A       1%          3
 Portal Projectile        Hex/Tloc       60%        N/A       1%          3
 Iskenderun's Mystic Bla  Conj/Tloc      92%        2d18      1%          4
 Ice Form                 Ice/Tmut       31%        N/A       6%          4
 Leda's Liquefaction      Hex/Erth       15%        N/A       7%          4
 Lee's Rapid Deconstruct  Erth           15%        3d11*     17%         5
 Simulacrum               Ice/Necr       15%        N/A       63%         6


Dungeon Overview and Level Annotations

Branches:
Dungeon (11/15) Zot: 26948  Temple (1/1) D:5 Zot: 5798    Lair (0/5) D:10
    Orc (0/2) D:9         Gauntlet (1/1) Zot: 5397

Altars:
Ashenzari
Cheibriados
Dithmenos
Elyvilon
Fedhas
Gozag
Hepliaklqana
Kikubaaqudgha
Makhleb
Nemelex Xobeh
Okawaru
Qazlal
Ru
Sif Muna
Trog
Uskayaw
Vehumet
Wu Jian
Xom
Yredelemnul
Zin
The Shining One

Shops:
D:4 :   D:6 *

Portals:
Trove: D:11 (give 7 scrolls of butterflies)

Annotations:
D:6 3 runed translucent doors, Buffagor's ghost, novice GrEE; Grunkalo's ghost, novice TrBe Gauntlet 12 transporters


Message History

Confirm with . or Enter, or press ? or * to list all spells.
Casting: Dazzling Flash (safe; 1% risk of failure)
Press: ? - help, Dir - look around, f - activate You feel a strong surge of power!
The minotaur is dazzled.
The minotaur hits you!!
* * * LOW HITPOINT WARNING * * *
The minotaur barely misses you.
You take 19 damage, and have 15/77 hp.
MASSIVE DAMAGE!!
You now have 7/31 mp.
It was a potion of heal wounds.
You feel much better. The minotaur hits you!!
* * * LOW HITPOINT WARNING * * *
The minotaur gores you but does no damage.
You take 4 damage, and have 11/77 hp.
Okay, then.
The minotaur is no longer blind.
Okay, then.
You feel much better. The minotaur hits you!
* * * LOW HITPOINT WARNING * * *
The minotaur gores you.
* * * LOW HITPOINT WARNING * * *
You regained 4 hp, and now have 16/77 hp.
You feel much better.
The minotaur hits you but does no damage.
The minotaur gores you.
You regained 23 hp, and now have 39/77 hp.
You feel much better. The minotaur hits you!
The minotaur completely misses you.
You regained 13 hp, and now have 52/77 hp.
Casting: Dazzling Flash (safe; 1% risk of failure)
Confirm with . or Enter, or press ? or * to list all spells.
Aiming: Fulminant Prism (mildly dangerous; 1% risk of failure)
Press: ? - help, Dir - move target You feel a strong surge of power!
You conjure a prism of explosive energy!
A fulminant prism comes into view.
The minotaur hits you!! The minotaur misses you.
You take 21 damage, and have 31/77 hp.
MASSIVE DAMAGE!!
You now have 6/31 mp.
The minotaur attacks as you move away! The minotaur hits you!!
* * * LOW HITPOINT WARNING * * *
The minotaur gores you!
You die...

.................................
..................≈∩§............
#################################
8# #8# #8##§...............≈##8#
## ### ####8..©.©.©.©.©.©..8####
#≈...............≈#
#####*###.###.#####
###.###.###.## #..H@.........#
#.###.###.###.# #.............
#######'###### .# .. .⌠+ ..# ⌠.#


You could see a minotaur (ally target) and a friendly fulminant prism.

Vanquished Creatures
  A catoblepas (Gauntlet)
  Erica (D:8)
  3 two-headed ogres
  A tengu warrior (D:10)
  The ghost of Seidenschwarz the Cleaver, a novice MiFi (D:7)
  A deep elf pyromancer (D:7)
  An oklob plant (Gauntlet)
  Joseph (D:8)
  A gargoyle (Gauntlet)
  2 unseen horrors (D:10)
  Psyche (D:8)
  A minotaur zombie (Gauntlet)
  A kobold demonologist (D:10)
  A troll (D:10)
  A hornet (D:7)
  2 raiju (Gauntlet)
  16 yaks
  A basilisk (D:10)
  6 wyverns
  3 steam dragons
  A warg (D:9)
  3 acid dragons
  A sky beast (D:7)
  3 orc warriors
  2 black bears
  7 centaurs
  2 kobold brigands (D:9)
  3 bullfrogs
  2 necrophages
  A gnoll sergeant (D:5)
  7 wights (D:9)
  3 scorpions
  16 killer bees
  3 howler monkeys
  6 centaur zombies (D:9)
  A jelly (D:7)
  6 orc priests
  3 hounds
  3 iguanas
  Natasha (D:2)
  16 orc wizards
  2 lightning spires (Gauntlet)
  2 howler monkey zombies (D:9)
  7 gnolls
  6 adders
  2 shadow imps
  A white imp (D:5)
  31 orcs
  8 bats
  7 endoplasms
  3 giant cockroaches
  7 hobgoblins
  17 kobolds
  3 quokkas
  6 ball pythons
  A frilled lizard (D:2)
  6 goblins
  7 rats
252 creatures vanquished.

Vanquished Creatures (others)
  80 fulminant prisms
  2 fungi (Gauntlet)
  5 plants
  23 withered plants
110 creatures vanquished.

Grand Total: 362 creatures vanquished

Notes
Turn   | Place    | Note
-------+----------+-------------------------------------------
     0 | D:1      | Psyclone the Deep Elf Conjurer began the quest for the Orb.
     0 | D:1      | Reached XP level 1. HP: 10/10 MP: 6/6
   506 | D:1      | Reached XP level 2. HP: 15/15 MP: 4/8
   509 | D:1      | Learned a level 2 spell: Searing Ray
   766 | D:1      | Found a faded altar of an unknown god.
  1437 | D:2      | Reached XP level 3. HP: 19/19 MP: 8/10
  1456 | D:2      | Reached skill level 5 in Conjurations
  1478 | D:2      | Noticed Natasha
  1481 | D:2      | Killed Natasha
  1958 | D:3      | Learned a level 3 spell: Dazzling Flash
  2022 | D:3      | Reached XP level 4. HP: 24/24 MP: 10/12
  2057 | D:3      | Found a burning altar of Makhleb.
  2163 | D:3      | Reached skill level 5 in Spellcasting
  2550 | D:3      | Identified the +1 scale mail of an ossuary {Int+6 Stlth+}
  2995 | D:3      | Learned a level 4 spell: Fulminant Prism
  3048 | D:4      | Noticed a necrophage
  3054 | D:4      | Killed a necrophage
  3055 | D:4      | Reached XP level 5. HP: 28/28 MP: 6/15
  3389 | D:4      | Found Bihosch's Self-Improvement Boutique.
  3403 | D:4      | Got Webumy's Dissertation on Incandescence
  3555 | D:4      | Reached XP level 6. HP: 17/32 MP: 9/17
  3753 | D:4      | Learned a level 2 spell: Scorch
  3758 | D:4      | Learned a level 4 spell: Sticky Flame
  3767 | D:5      | Entered Level 5 of the Dungeon
  4013 | D:5      | Found a staircase to the Ecumenical Temple.
  4062 | Temple   | Entered the Ecumenical Temple
  4249 | Temple   | Became a worshipper of Ashenzari the Shackled
  4277 | D:5      | Reached XP level 7. HP: 34/36 MP: 6/20
  5125 | D:5      | Learned a level 4 spell: Flame Wave
  5559 | D:6      | Found Qaesud's Lightly-Used Armoury.
  5630 | D:6      | Noticed a steam dragon
  5681 | D:6      | Killed a steam dragon
  5682 | D:6      | Reached XP level 8. HP: 41/41 MP: 17/23
  5893 | D:6      | Found a runed translucent gate.
  5894 | D:6      | Found a runed translucent gate.
  5895 | D:6      | Found a runed translucent gate.
  5900 | D:6      | Noticed Buffagor's ghost (novice GrEE)
  5900 | D:6      | Noticed Grunkalo's ghost (novice TrBe)
  6598 | D:7      | Noticed a deep elf pyromancer
  6625 | D:7      | Killed a deep elf pyromancer
  6626 | D:7      | Reached skill level 10 in Spellcasting
  6734 | D:7      | Reached skill level 10 in Conjurations
  6765 | D:7      | Reached XP level 9. HP: 42/45 MP: 21/26
  6871 | D:7      | Found a runed translucent door.
  6871 | D:7      | Noticed Seidenschwarz's ghost (novice MiFi)
  8031 | D:7      | Killed Seidenschwarz's ghost
  8107 | D:7      | Learned a level 4 spell: Hailstorm
  8167 | D:8      | Noticed Joseph
  8171 | D:8      | Reached skill level 1 in Fighting
  8178 | D:8      | Killed Joseph
  8333 | D:8      | Reached XP level 10. HP: 34/54 MP: 17/29
  8544 | D:8      | Noticed Psyche
  8550 | D:8      | Killed Psyche
  8563 | D:8      | Reached skill level 5 in Dodging
  8806 | D:8      | Noticed Erica
  8812 | D:8      | Killed Erica
  9060 | D:9      | Noticed a two-headed ogre
  9067 | D:9      | Killed a two-headed ogre
  9257 | D:9      | Reached skill level 5 in Fighting
  9379 | D:9      | Reached XP level 11. HP: 19/64 MP: 0/30
  9723 | D:9      | Found a staircase to the Orcish Mines.
 10579 | D:10     | Entered Level 10 of the Dungeon
 10843 | D:10     | Found a hazy altar of Hepliaklqana.
 10932 | D:10     | Noticed a two-headed ogre
 10935 | D:10     | Noticed a tengu warrior
 10951 | D:10     | Killed a tengu warrior
 10952 | D:10     | Reached skill level 10 in Dodging
 10954 | D:10     | Killed a two-headed ogre
 10960 | D:10     | Noticed a two-headed ogre
 10968 | D:10     | Killed a two-headed ogre
 12000 | D:10     | Found a staircase to the Lair.
 12231 | D:11     | Found a portal to a secret trove of treasure.
 12275 | D:11     | Found a gate leading to a gauntlet.
 12282 | Gauntlet | Entered a Gauntlet
 12282 | Gauntlet | Found a transporter.
 12290 | Gauntlet | Found a transporter.
 12292 | Gauntlet | Found a transporter.
 12293 | Gauntlet | Noticed a catoblepas
 12307 | Gauntlet | Noticed a fire crab
 12314 | Gauntlet | Found a transporter.
 12321 | Gauntlet | Found a transporter.
 12336 | Gauntlet | Found a transporter.
 12338 | Gauntlet | Noticed a hell beast
 12342 | Gauntlet | Found a transporter.
 12346 | Gauntlet | Noticed a death drake
 12359 | Gauntlet | Found a transporter.
 12379 | Gauntlet | Found a transporter.
 12388 | Gauntlet | Found a transporter.
 12406 | Gauntlet | Found a transporter.
 12407 | Gauntlet | Noticed a death scarab
 12407 | Gauntlet | Noticed a death scarab
 12424 | Gauntlet | Found a transporter.
 12432 | Gauntlet | Noticed a death scarab
 12433 | Gauntlet | Noticed a death scarab
 12436 | Gauntlet | Found a transporter.
 12455 | Gauntlet | Found a transporter.
 12471 | Gauntlet | Found a transporter.
 12473 | Gauntlet | Found a transporter.
 12474 | Gauntlet | Noticed an oklob plant
 12515 | Gauntlet | Identified 2 scrolls of acquirement
 12515 | Gauntlet | Acquired a staff of conjuration
 12517 | Gauntlet | Acquired the ring "Fattogh" {Wiz rPois Int+2 Stlth+}
 12554 | Gauntlet | Found a transporter.
 12561 | Gauntlet | Found a transporter.
 12566 | Gauntlet | Killed a catoblepas
 12606 | Gauntlet | Killed an oklob plant
 12736 | Gauntlet | Reached XP level 12. HP: 77/77 MP: 26/31
 12755 | Gauntlet | Identified the +3 cloak of Zudd {rF++ Will+}
 12854 | Gauntlet | Noticed a minotaur
 12886 | Gauntlet | Slain by a minotaur

Illustrated notes

Levels and vault maps discovered:
D:1:      kennysheep_arrival_forest, layout_loops_ring,
          dilly_ecumenical_altar_fadedgnrine
D:2:      layout_basic, serial_park_tiny_1, uniq_natasha
D:3:      layout_loops_ring, marbit_many_paths, kennysheep_nub
D:4:      layout_basic, nicolae_shop_self_help
D:5:      layout_cave_pools, minmay_temple_entry_offerings
D:6:      layout_loops_corners, gammafunk_ghost_cemetery, minivault_25,
          minmay_shop_damaged, minmay_bent
D:7:      layout_basic, hellmonk_ghost_happy_afterlife, serial_bayou_pond_e,
          guppyfry_early_elven_hall
D:8:      layout_basic, uniq_psyche, uniq_joseph, uniq_erica
D:9:      layout_loops_ring, erik_orc_4, serial_undead, serial_undead_f,
          serial_undead_d, serial_undead_b, serial_undead_c, serial_undead_c
D:10:     minmay_razor_zed, layout_basic, nicolae_hepliaklqana_hazy_memory,
          erik_lair_dragon
D:11:     layout_rooms, gauntlet_entry_generic, serial_ice, serial_ice_b,
          serial_ice_j, serial_ice_o, serial_ice_n, serial_ice_m, serial_ice_h,
          portal_ice_cave_entry_ice_simulacra, enter_trove_2,
          nicolae_blasting_shop, st_stairs_9, minmay_strange_pillars,
          minmay_unpleasant_kobolds
Temple:   nicolae_temple_bog_church
Gauntlet: gammafunk_gauntlet_one_two_three
          [gammafunk_gauntlet_arena_split_diamond,
          nicolae_gauntlet_arena_t_cross, gammafunk_gauntlet_arena_mazey,
          nicolae_gauntlet_arena_blocks, gammafunk_gauntlet_arena_spirals,
          gammafunk_gauntlet_arena_grid, gammafunk_gauntlet_arena_arrow_garden,
          gammafunk_gauntlet_arena_teeth, gammafunk_gauntlet_arena_split_x,
          gauntlet_exit_hidden_loot]

Skill      XL: |  1  2  3  4  5  6  7  8  9 10 11 12 |
---------------+-------------------------------------+-----
Spellcasting   | 4 5 6 7 9 11 12 | 12.9
Conjurations   | 5 6 7 8 10 11 12 | 12.1
Fighting       | 2 5 9 |  9.5
Dodging        | 4 8 10 | 10.0
Stealth        | |  2.4

Action                   |  1- 3 |  4- 6 |  7- 9 | 10-12 || total
-------------------------+-------+-------+-------+-------++-------
Melee: Staff             |       |     8 |       |    11 ||    19
       Dagger            |       |       |       |     6 ||     6
 Cast: Magic Dart        |    64 |    95 |    76 |    33 ||   268
       Searing Ray       |       |    10 |    32 |    49 ||    91
       Dazzling Flash    |       |     1 |       |     2 ||     3
       Fulminant Prism   |       |       |    16 |    65 ||    81
       Sticky Flame      |       |       |       |     2 ||     2
Invok: Curse Item        |       |       |     1 |       ||     1
  Use: Scroll            |       |       |       |    12 ||    12
       Potion            |       |       |       |     4 ||     4
Armor: Robe              |       |     4 |    13 |     5 ||    22
       Steam dragon scal |       |       |       |    20 ||    20
Dodge: Dodged            |     4 |    33 |    72 |   233 ||   342
